 Dungeon Crawl Stone Soup version 0.20.1-1-g8b1a95d66d (webtiles) character file.

90 KoningWillie the Covered (level 4, 0/41 HPs)
             Began as a Minotaur Fighter on Nov 23, 2017.
             Was an Initiate of Fedhas.
             Slain by a goblin
             ... wielding a +0 dagger of venom
             ... led by Robin
              (1 damage)
             ... on level 2 of the Dungeon.
             The game lasted 00:02:12 (1285 turns).

KoningWillie the Covered (Minotaur Fighter)         Turns: 1285, Time: 00:02:13

Health: 0/41       AC:  7    Str: 22    XL:     4   Next: 32%
Magic:  3/3        EV:  7    Int:  5    God:    Fedhas [......]
Gold:   79         SH:  9    Dex:  9    Spells: 3/3 levels left

rFire    . . .     SeeInvis .   a - +0 long sword
rCold    . . .     Gourm    .   c - +0 shield
rNeg     . . .     Faith    .   b - +0 scale mail
rPois    .         Spirit   .   (helmet restricted)
rElec    .         Reflect  .   (no cloak)
rCorr    .         Harm     .   (no gloves)
MR       .....                  (no boots)
Stlth    ..........             (no amulet)
Regen    0.2/turn               (no ring)
MPRegen  0.1/turn               (no ring)

@: lethally poisoned (0 -> -38)
A: retaliatory headbutt, horns 2
a: Fungal Bloom, Renounce Religion


You were on level 2 of the Dungeon.
You worshipped Fedhas.
Fedhas was noncommittal.
You were not hungry.

You visited 1 branch of the dungeon, and saw 2 of its levels.

You collected 79 gold pieces.

Inventory:

Hand Weapons
 a - a +0 long sword (weapon)
Armour
 b - a +0 scale mail (worn)
 c - a +0 shield (worn)
Potions
 d - a potion of might
 e - a potion of magic {unknown}
 g - a potion of heal wounds {unknown}
 h - a potion of agility {unknown}
 i - a potion of flight {unknown}
 j - a potion of berserk rage {unknown}
Comestibles
 f - 2 bread rations


   Skills:
 + Level 4.5 Fighting
 + Level 2.6 Long Blades
 + Level 4.7 Armour
 + Level 4.6 Shields


You had 3 spell levels left.
You didn't know any spells.

Dungeon Overview and Level Annotations

Branches:
Dungeon (2/15)

Altars:
Fedhas

Annotations:
D:2 Robin


Innate Abilities, Weirdness & Mutations

You reflexively headbutt those who attack you in melee.
You have a pair of horns on your head.


Message History

* * * LOW HITPOINT WARNING * * *
You feel sick. The goblin barely misses you. You furiously retaliate!
You headbutt the goblin.
The goblin hits you with a dagger of venom.
* * * LOW HITPOINT WARNING * * *
You are more poisoned.
The goblin hits you with a dagger of venom.
* * * LOW HITPOINT WARNING * * *
You are more poisoned.
You block the worm's attack.
You barely miss the worm.
The worm is lightly wounded.
* * * LOW HITPOINT WARNING * * *
You feel very sick.
The goblin hits you with a dagger of venom.
* * * LOW HITPOINT WARNING * * *
You are more poisoned.
The goblin hits you with a dagger of venom.
You die...
Fedhas appreciates your contribution to the ecosystem.

.# .#### # ....
.## # ... ..###.
#.. #.... #..
...#
..###..###..#
......gw@g.(#
..###..#g#(.# #
#....#.#..#.###.
.###..###........
..........##.####
.#.#..###.# <#
#.#.. #.# # # #..
#.# ..#


You could see a worm, Robin and 2 goblins.

Vanquished Creatures
  5 adders (D:2)
  An ooze (D:1)
  A worm (D:2)
  A dart slug (D:1)
  A giant cockroach (D:1)
  10 goblins
  3 hobgoblins
  6 kobolds
  2 ball pythons
  A bat (D:1)
  6 rats (D:1)
37 creatures vanquished.

Vanquished Creatures (others)
  6 toadstools (D:2)
6 creatures vanquished.

Grand Total: 43 creatures vanquished

Notes
Turn   | Place    | Note
-------+----------+-------------------------------------------
     0 | D:1      | KoningWillie the Minotaur Fighter began the quest for the Orb.
     0 | D:1      | Reached XP level 1. HP: 19/19 MP: 0/0
   200 | D:1      | Reached XP level 2. HP: 20/27 MP: 1/1
   614 | D:2      | Reached XP level 3. HP: 23/33 MP: 2/2
  1114 | D:2      | Found a blossoming altar of Fedhas.
  1121 | D:2      | Became a worshipper of Fedhas Madash
  1251 | D:2      | Reached XP level 4. HP: 39/41 MP: 3/3
  1258 | D:2      | Noticed Robin
  1285 | D:2      | HP: 1/41 [goblin/dagger of venom[Robin] (4)]
  1285 | D:2      | Slain by a goblin

Skill      XL: |  1  2 |
---------------+-------+-----
Fighting       | 4 |  4.5
Armour         | 4 |  4.7
Shields        | 4 |  4.6
Long Blades    | |  2.6

Action                   |  1- 3 |  4- 6 || total
-------------------------+-------+-------++-------
Melee: Long sword        |    71 |    26 ||    97
       Headbutt          |     9 |     6 ||    15
Invok: Fungal Bloom      |     2 |     2 ||     4
  Use: Scroll            |     2 |       ||     2
  Eat: Bread ration      |     1 |       ||     1
Armor: Scale mail        |    35 |    14 ||    49
Dodge: Dodged            |    21 |     5 ||    26
Block: Shield            |    42 |    28 ||    70
       Rpst.: Long sword |     3 |     3 ||     6
